 Dungeon Sprint DCSS version 0.27-a0-562-g0d39f094a4 (webtiles) character file.

Game seed: 2029161098445697953

1858 mhtbhm the Basher (level 8, -1/92 HPs)
             Began as a Troll Berserker on Mar 9, 2021.
             Was a High Priest of Trog.
             Succumbed to an emperor scorpion's poison
             ... in the Dungeon (Sprint VII: "The Pits").
             The game lasted 00:02:10 (646 turns).

mhtbhm the Basher (Troll Berserker)                  Turns: 646, Time: 00:02:11

Health: -1/92      AC:  4    Str: 28    XL:     8   Next: 89%
Magic:  7/7        EV: 13    Int:  6    God:    Trog [*****.]
Gold:   0          SH:  0    Dex: 12    Spells: 7/7 levels left

rFire    . . .     SeeInvis .   a - +2 morningstar (vorpal)
rCold    . . .     Faith    .   (no shield)
rNeg     . . .     Spirit   .   b - +0 animal skin
rPois    .         Reflect  .   (helmet restricted)
rElec    .         Harm     .   (no cloak)
rCorr    .         Rampage  .   (gloves unavailable)
Will     .....     NoTele   +   (boots unavailable)
Stlth    ++........             (no amulet)
HPRegen  1.25/turn              l - +3 ring of intelligence
MPRegen  0.10/turn              k - +3 ring of dexterity

@: lethally poisoned (-1 -> -62), berserk cooldown, slowed, very slow
A: large, unfitting armour, claws 3, regeneration 1, shaggy fur 1, tough skin 1
a: Renounce Religion, Berserk, Trog's Hand, Brothers in Arms


You were in the Dungeon.
You worshipped Trog.
Trog was extremely pleased with you.
You visited 1 branch

Inventory:

Hand Weapons
 a - a +2 vorpal morningstar (weapon)
Armour
 b - a +0 animal skin (worn)
Jewellery
 k - a +3 ring of dexterity (right claw)
 l - a +3 ring of intelligence (left claw)
Scrolls
 h - a scroll of blinking
 j - a scroll of summoning
Potions
 c - 8 potions of curing
 d - 12 potions of heal wounds
 e - 2 potions of haste
 f - 4 potions of magic
 g - 5 potions of berserk rage
 i - 2 potions of invisibility
 m - a potion of might


   Skills:
 + Level 9.6 Fighting
 + Level 12.6 Maces & Flails
 + Level 8.4 Dodging
 + Level 1.0 Stealth


You had 7 spell levels left.
You didn't know any spells.
Your spell library was empty.

Dungeon Overview and Level Annotations

Branches:
Dungeon (1/1)

Altars:
Cheibriados
Dithmenos
Elyvilon
Fedhas
Gozag
Hepliaklqana
Makhleb
Nemelex Xobeh
Okawaru
Qazlal
Ru
Sif Muna
Trog
Vehumet
Wu Jian
Xom
Yredelemnul
Zin
The Shining One
Beogh
Jiyva
Lugonu


Innate Abilities, Weirdness & Mutations

You are too large for most types of armour.
You have claws for hands.
Your natural rate of healing is unusually fast.
You are covered in fur. (AC +1)
You have tough skin. (AC +1)


Message History

The emperor scorpion is moderately wounded.
You feel sick. The emperor scorpion stings you!
The emperor scorpion completely misses you.
The emperor scorpion claws you!
Unknown command.
Unknown command.
You closely miss the emperor scorpion.
The emperor scorpion is moderately wounded.
You feel sick. The emperor scorpion stings you.
You are more poisoned.
The emperor scorpion poisons you! The emperor scorpion claws you!
The emperor scorpion claws you.
Unknown command.
You miss the emperor scorpion.
The emperor scorpion is moderately wounded.
You feel very sick.
You hit the emperor scorpion but do no damage.
The emperor scorpion is moderately wounded.
You feel very sick. The emperor scorpion stings you!!
* * * LOW HITPOINT WARNING * * *
You are more poisoned.
The emperor scorpion poisons you! The emperor scorpion misses you.
The emperor scorpion claws you.
* * * LOW HITPOINT WARNING * * *
You closely miss the emperor scorpion.
The emperor scorpion is moderately wounded.
* * * LOW HITPOINT WARNING * * *
You feel very sick.
Unknown command.
* * * LOW HITPOINT WARNING * * *
You feel very sick.
You feel a strong urge to attack something.
* * * LOW HITPOINT WARNING * * *
You feel very sick.
You are no longer berserk.
Trog's vigour flows through your veins.
You are exhausted.
You feel yourself slow down.
You die... k.# ..# ########++########## ..# ...............##..# ..# .....#..#......##..# Ys#

...............''.†# ..#
...............'@..##########..#
.....#..#......##.s............#
...............##..............#
##'#####++######################
......# ......# ......# ..<...#
......#


You could see an emperor scorpion.

Vanquished Creatures
  A two-headed ogre (D)
  A red devil (D)
  Grinder (D)
  A wyvern (D)
  2 floating eyes (D)
  An ice beast (D)
  A black bear (D)
  A necrophage (D)
  A wolf (D)
  A gnoll sergeant (D)
  A quasit (D)
  Jessica (D)
  A white imp (D)
  An ufetubus (D)
  A worm (D)
  A bat (D)
  A bat skeleton (D)
  2 goblins (D)
  A ball python (D)
  A frilled lizard (D)
  3 kobolds (D)
  A rat (D)
26 creatures vanquished.

Notes
Turn   | Place    | Note
-------+----------+-------------------------------------------
     0 | D        | mhtbhm the Troll Berserker began the quest for the Orb.
     0 | D        | Reached XP level 1. HP: 22/22 MP: 0/0
    22 | D        | Found a bloodstained altar of Trog.
    22 | D        | Found a shimmering blue altar of Sif Muna.
    22 | D        | Found a viscous altar of Jiyva.
    22 | D        | Found a hazy altar of Hepliaklqana.
    22 | D        | Found an opulent altar of Gozag.
    23 | D        | Found a glowing golden altar of the Shining One.
    23 | D        | Found a glowing silver altar of Zin.
    23 | D        | Found a basalt altar of Yredelemnul.
    23 | D        | Found a shimmering altar of Xom.
    23 | D        | Found an ornate altar of the Wu Jian Council.
    23 | D        | Found a sacrificial altar of Ru.
    23 | D        | Found a stormy altar of Qazlal.
    23 | D        | Found an iron altar of Okawaru.
    23 | D        | Found a sparkling altar of Nemelex Xobeh.
    23 | D        | Found a burning altar of Makhleb.
    23 | D        | Found a blossoming altar of Fedhas.
    23 | D        | Found a white marble altar of Elyvilon.
    23 | D        | Found a shadowy altar of Dithmenos.
    23 | D        | Found a snail-covered altar of Cheibriados.
    25 | D        | Found a radiant altar of Vehumet.
    25 | D        | Found a corrupted altar of Lugonu.
    64 | D        | Reached ** piety under Trog
    65 | D        | Reached skill level 3 in Maces & Flails
   192 | D        | Reached XP level 2. HP: 31/31 MP: 1/1
   192 | D        | Reached *** piety under Trog
   193 | D        | Noticed a black bear
   199 | D        | Killed a black bear
   200 | D        | Reached skill level 5 in Maces & Flails
   200 | D        | Reached XP level 3. HP: 36/41 MP: 2/2
   200 | D        | Reached XP level 4. HP: 43/49 MP: 3/3
   252 | D        | Noticed a floating eye
   263 | D        | Paralysed by a floating eye for 2 turns
   267 | D        | Killed a floating eye
   267 | D        | Reached **** piety under Trog
   268 | D        | Reached skill level 5 in Fighting
   268 | D        | Reached skill level 7 in Maces & Flails
   268 | D        | Reached skill level 5 in Dodging
   268 | D        | Reached XP level 5. HP: 59/59 MP: 4/4
   271 | D        | Noticed a necrophage
   278 | D        | Noticed Jessica
   293 | D        | Killed a necrophage
   294 | D        | Reached skill level 8 in Maces & Flails
   294 | D        | Reached XP level 6. HP: 68/68 MP: 5/5
   303 | D        | Killed Jessica
   303 | D        | Reached ***** piety under Trog
   355 | D        | Noticed a red devil
   364 | D        | Killed a red devil
   365 | D        | Reached skill level 9 in Maces & Flails
   365 | D        | Reached XP level 7. HP: 52/78 MP: 6/6
   387 | D        | Noticed Grinder
   392 | D        | Reached skill level 10 in Maces & Flails
   398 | D        | Received a gift from Trog
   405 | D        | Killed Grinder
   448 | D        | Noticed a two-headed ogre
   456 | D        | Reached skill level 11 in Maces & Flails
   456 | D        | Paralysed by a floating eye for 2 turns
   463 | D        | Killed a two-headed ogre
   464 | D        | Reached skill level 12 in Maces & Flails
   464 | D        | Reached XP level 8. HP: 67/92 MP: 7/7
   607 | D        | Reached skill level 1 in Stealth
   621 | D        | Noticed an emperor scorpion
   621 | D        | Noticed an elephant
   645 | D        | HP: 5/138 [poisoned by an emperor scorpion]
   646 | D        | Succumbed to an emperor scorpion's poison

Illustrated notes

Levels and vault maps discovered:
D:        pitsprint [storerooms_1, entrance_room_1, metal_vault_6, armoury_2,
          mini_pit_1, grid_room_1, main_hall_1, silver_pit, the_coven_3,
          the_vestibule_1, steel_vault_3, golden_pit, hallway_of_sentries,
          crystal_vault_5, iron_vault_3, final_vault]

Skill      XL: |  1  2  3  4  5  6  7  8 |
---------------+-------------------------+-----
Maces & Flails | 3 5 7 8 9 12 | 12.6
Fighting       | 3 4 5 6 7 9 |  9.6
Dodging        | 3 4 5 6 7 8 |  8.4
Stealth        | 1 |  1.0

Action                   |  1- 3 |  4- 6 |  7- 9 || total
-------------------------+-------+-------+-------++-------
Melee: Mace              |    22 |     1 |       ||    23
       Flail             |       |    42 |    24 ||    66
       Morningstar       |       |       |    15 ||    15
Invok: Berserk           |     1 |     1 |     3 ||     5
Armor: Animal skin       |    15 |    12 |     5 ||    32
Dodge: Dodged            |    19 |    21 |    18 ||    58

Table legend: (Time is in decaauts)
 A = Elapsed time spent in this place.
 B = Non-inter-level travel time spent in this place.
 C = Inter-level travel time spent in this place.
 D = Time resting spent in this place.
 E = Time spent auto-exploring this place.
 F = Levels seen in this place.
 G = Mean time per level.
                   A        B        C        D        E       F      G
               +--------+--------+--------+--------+--------+-----+--------+
         Total |    664 |    664 |      0 |    235 |     34 |   1 |  664.0 |
       Dungeon |    664 |    664 |      0 |    235 |     34 |   1 |  664.0 |
               +--------+--------+--------+--------+--------+-----+--------+

Top non-repeatable levels by time:
       D: 664 daAuts
